 Dungeon Crawl Stone Soup version 0.25.1-2-g60ff931df9 (webtiles) character file.

Game seed: 86452795430031568

262792 Ijustatesigmund the Unseen (level 20, -5/158 HPs)
             Began as an Octopode Fighter on Sept 7, 2020.
             Was the Champion of Cheibriados.
             Slain by a two-headed ogre
             ... wielding a +0 giant spiked club
              (9 damage)
             ... while paralysed by an ogre mage
             ... on level 2 of the Depths on Sept 8, 2020.
             The game lasted 02:21:41 (44261 turns).

Ijustatesigmund the Unseen (Octopode Fighter)      Turns: 44261, Time: 02:21:46

Health: -5/158     AC:  7    Str: 31    XL:     20   Next: 0%
Magic:  24/31      EV:  2    Int: 39    God:    Cheibriados [******]
Gold:   2333       SH:  0    Dex: 40    Spells: 11/19 levels left

rFire    + + .     SeeInvis +   a - +8 war axe (freeze)
rCold    + + .     Gourm    .   h - +5 kite shield {rC+}
rNeg     . . .     Faith    .   D - +2 hat
rPois    +         Spirit   .   k - amulet of reflection
rElec    +         Reflect  +   i - +4 ring of slaying
rCorr    .         Harm     .   L - +6 ring of dexterity
MR       +....                  I - ring of protection from fire
Stlth    +++++++++.             J - +4 ring of protection
HPRegen  0.36/turn              B - ring of Etat {*Contam rElec rPois Int+10 Dex+3}
MPRegen  0.22/turn              U - ring of protection from fire
                                Q - ring of protection from cold
                                o - ring of see invisible

@: paralysed, singing, very slow
A: almost no armour, stealthy swim, amphibious, 8 rings, constrict 8, camouflage
1, mutation resistance 1, robust 1, gelatinous body 1
}: 2/15 runes: serpentine, barnacled
a: Bend Time, Temporal Distortion, Slouch, Step From Time, Renounce Religion


You were on level 2 of the Depths.
You worshipped Cheibriados.
Cheibriados was exalted by your worship.
You were hungry.

You visited 7 branches of the dungeon, and saw 35 of its levels.
You also visited: Sewer and Ice Cave.

You collected 3650 gold pieces.
You spent 1317 gold pieces at shops.

Inventory:

Hand Weapons
 a - a +8 war axe of freezing (weapon)
 q - the +5 hand axe "Behuar" {flame, Dex+2 Stlth+}
   (You found it on level 2 of the Shoals)

   It has been specially enchanted to burn those struck by it, causing extra
   injury to most foes and up to half again as much damage against particularly
   susceptible opponents.
   Big, fiery blades are also staple armaments of hydra-hunters.
   It affects your dexterity (+2).
   It makes you more stealthy.
 W - a +3 vorpal broad axe
Missiles
 b - 3 atropa-tipped darts
 e - 121 poisoned darts (quivered)
 y - 21 silver javelins
Armour
 h - a +5 kite shield of cold resistance (worn)
 D - a +2 hat (worn)
Jewellery
 i - a +4 ring of slaying (left tentacle)
 k - an amulet of reflection (around mantle)
 m - an uncursed amulet of regeneration
 o - a ring of see invisible (on tentacle)
 B - the ring of Etat (on tentacle) {*Contam rElec rPois Int+10 Dex+3}
   (You found it on level 3 of the Snake Pit)

   [ring of poison resistance]

   It affects your intelligence (+10).
   It affects your dexterity (+3).
   It insulates you from electricity.
   It protects you from poison.
   It causes magical contamination when unequipped.
 F - an uncursed ring of ice
 H - an uncursed ring of ice
 I - a ring of protection from fire (on tentacle)
 J - a +4 ring of protection (on tentacle)
 L - a +6 ring of dexterity (right tentacle)
 Q - a ring of protection from cold (on tentacle)
 U - a ring of protection from fire (on tentacle)
 Y - an uncursed ring of protection from fire
Wands
 j - a wand of polymorph (32)
 z - a wand of iceblast (13)
 A - a wand of acid (25)
 K - a wand of paralysis (8)
 N - a wand of digging (10)
 R - a wand of enslavement (2)
Scrolls
 c - 3 scrolls of fog
 g - 16 scrolls of remove curse
 n - a scroll of blinking
 v - 11 scrolls of amnesia
 w - 4 scrolls of teleportation
 x - a scroll of summoning
 E - 12 scrolls of identify
 S - a scroll of immolation
 T - 2 scrolls of fear
 X - a scroll of holy word
 Z - a scroll of magic mapping
Potions
 f - 5 potions of stabbing
 l - 6 potions of lignification
 p - 2 potions of curing
 r - 3 potions of brilliance
 s - 5 potions of flight
 u - 2 potions of cancellation
 C - 5 potions of ambrosia
 G - 4 potions of might
 O - 3 potions of magic
 P - a potion of mutation
 V - a potion of heal wounds
Miscellaneous
 M - 2 boxes of beasts
Comestibles
 d - 43 rations
 t - 2 chunks of flesh


   Skills:
 - Level 14.8 Fighting
 - Level 14.9 Axes
 - Level 4.8 Throwing
 - Level 12.4 Dodging
 + Level 20.2 Stealth
 - Level 12.4 Shields
 - Level 5.2 Charms
 - Level 5.3 Translocations
 - Level 5.1 Ice Magic
 - Level 15.8 Invocations
 - Level 9.1 Evocations


You had 11 spell levels left.
You knew the following spells:

 Your Spells              Type           Power        Failure   Level  Hunger
a - Magic Dart            Conj           #...         7%          1    ##.....
b - Blink                 Tloc           N/A          1%          2    ###....
c - Song of Slaying       Chrm           #####...     1%          2    ###....
d - Ozocubu's Armour      Chrm/Ice       #####...     2%          3    ####...

Your spell library contained the following spells:

 Spells                   Type           Power        Failure   Level  Hunger
 Infusion                 Chrm           ####         1%          1    ##.....
 Shroud of Golubria       Chrm/Tloc      #####.       1%          2    ###....
 Ensorcelled Hibernation  Hex/Ice        ###...       3%          2    ###....
 Beastly Appendage        Tmut           #.....       7%          1    ##.....
 Corona                   Hex            #......      7%          1    ##.....
 Foxfire                  Conj/Fire      #...         7%          1    ##.....
 Portal Projectile        Hex/Tloc       ###...       8%          3    ####...
 Recall                   Summ/Tloc      N/A          8%          3    ####...
 Spectral Weapon          Hex/Chrm       ###.....     8%          3    ####...
 Call Imp                 Summ           #.......     11%         2    ###....
 Corpse Rot               Necr/Air       N/A          11%         2    ###....
 Poisonous Vapours        Pois/Air       #.....       11%         2    ###....
 Slow                     Hex            #.......     11%         2    ###....
 Sticks to Snakes         Tmut           #.......     11%         2    ###....
 Confusing Touch          Hex            #.......     22%         3    ####...
 Conjure Flame            Conj/Fire      #.......     22%         3    ####...
 Dazzling Flash           Conj/Hex       #.....       22%         3    ####...
 Inner Flame              Hex/Fire       #.......     22%         3    ####...
 Mephitic Cloud           Conj/Pois/Air  #.......     22%         3    ####...
 Spider Form              Tmut/Pois      #.........   22%         3    ####...
 Tukima's Dance           Hex            #.......     22%         3    ####...
 Ice Form                 Ice/Tmut       ###.....     26%         4    #####..
 Animate Dead             Necr           N/A          56%         4    #####..
 Cause Fear               Hex            #.........   56%         4    #####..
 Leda's Liquefaction      Hex/Erth       #.........   56%         4    #####..
 Sticky Flame             Conj/Fire      #.......     56%         4    #####..
 Summon Lightning Spire   Summ/Air       #.......     56%         4    #####..
 Metabolic Englaciation   Hex/Ice        ###.......   56%         5    ######.
 Ozocubu's Refrigeration  Ice            #####.....   80%         6    #######
 Blade Hands              Tmut           #.........   89%         5    ######.
 Borgnjor's Vile Clutch   Necr/Erth      #.........   89%         5    ######.
 Fireball                 Conj/Fire      #.........   89%         5    ######.
 Silence                  Hex/Air        #.........   89%         5    ######.
 Simulacrum               Ice/Necr       ###.......   98%         6    #######
 Freezing Cloud           Conj/Ice/Air   ##........   99%         6    #######
 Conjure Ball Lightning   Conj/Air       #.........   100%        6    #######
 Death Channel            Necr           #.........   100%        6    #######
 Invisibility             Hex            #.......     100%        6    #######
 Chain Lightning          Conj/Air       #.........   100%        8    #######
 Lehudib's Crystal Spear  Conj/Erth      #.........   100%        8    #######
 Absolute Zero            Ice            #####.....   100%        9    #######
 Fire Storm               Conj/Fire      #.........   100%        9    #######
 Tornado                  Air            #.........   100%        9    #######


Dungeon Overview and Level Annotations

Branches:
Dungeon (15/15)            Temple (1/1) D:4            Lair (6/6) D:11
 Shoals (4/4) Lair:4        Snake (4/4) Lair:4        Slime (0/5) Lair:6
    Orc (2/2) D:9             Elf (0/3) Orc:2        Vaults (0/5) D:13
 Depths (3/5) D:15          Sewer (visited)           IceCv (visited)

Altars:
Ashenzari
Cheibriados
Dithmenos
Elyvilon
Fedhas
Gozag
Hepliaklqana
Kikubaaqudgha
Makhleb
Nemelex Xobeh
Okawaru
Qazlal
Ru
Sif Muna
Trog
Uskayaw
Vehumet
Wu Jian
Xom
Yredelemnul
Zin
The Shining One
Lugonu

Shops:
D:5 [   D:6 *   D:10 [%}[[   D:15 :   Orc:2 *%}=[   Shoals:2 [   Snake:1 ?=!

Portals:
Hell: Depths:1
Abyss: Depths:3
Pandemonium: Depths:1 Depths:3
Trove: D:11 (give 11 potions of heal wounds)

Annotations:
D:7 2 runed translucent doors, exclusion: orange crystal statue


Innate Abilities, Weirdness & Mutations

You cannot wear most types of armour.
You are very stealthy in the water. (Stealth+)
You are amphibious.
You can wear up to eight rings at the same time.
You can use your tentacles to constrict eight enemies at once.
Your skin changes colour to match your surroundings (Stealth+).
Your rubbery body absorbs attacks. (AC +1, EV +1)
You are somewhat resistant to further mutation.
You are robust. (+10% HP)


Message History

Something shouts, "Slither home, thou qualling fen-sucked buzzard-bait!"
You hear a shout!
The fire dragon bites you! The fire dragon claws you!
The fire dragon tramples you but does no damage.
The stone giant hits you!!
* * * LOW HITPOINT WARNING * * *
The deep troll bites you but does no damage.
The deep troll claws you!!
* * * LOW HITPOINT WARNING * * *
The deep troll claws you!
* * * LOW HITPOINT WARNING * * *
The boggart mumbles some strange words.
The ogre mage hits you.
* * * LOW HITPOINT WARNING * * *
The vampire knight mumbles some strange words.
The vampire knight flickers and vanishes for a moment.
The two-headed ogre hits you with a +0 giant spiked club.
* * * LOW HITPOINT WARNING * * *
The two-headed ogre hits you with a +0 great mace!
You die...

...............
.J.T...........
...J...........
..8.....8V.....
#.JY8T........
#....J.8.D.H..
#..TTDO...gC.
##8.8@C......
#.....O......
#............
#......###############
##....##..8#8#8#8#8#8#
#....#.>.............
#....##..8#8#8#8#8#8#
#.....###############
#....................


You could see a fire giant (summoned), a fire dragon (catching breath), an ice
dragon (summoned), a sphinx (summoned), a stone giant, a vampire knight
(invisible), 4 slime creatures, a two-headed ogre, an ogre mage (fast), 3 deep
trolls, a deep troll earth mage, a yak and a boggart.

Vanquished Creatures
  Margery (Depths:3)
  Vashnia (Snake:2)
  Nikola (Snake:1)
  The ghost of xzight the Executioner, an adept MiBe of Trog (Shoals:1)
  A titan (Depths:2)
  Gastronok (D:11)
  Frances (D:13)
  2 tengu reavers (Depths:3)
  The ghost of tensugalgo the Unseen, an adept KoBe of Trog (Snake:4)
  9 nagarajas
  A fire giant (Depths:1)
  5 frost giants
  Aizul (Snake:3)
  A cacodemon (Depths:1)
  3 stone giants
  4 very ugly things
  2 entropy weavers
  A vampire knight (Depths:2)
  The ghost of lasso the Blocker, a journeyman FoFi of Qazlal (Orc:2)
  2 dire elephants
  An ettin (Depths:1)
  4 fire dragons
  2 merfolk javelineers
  10 merfolk impalers
  Josephine (D:9)
  A great orb of eyes (Depths:1)
  5 hydras
  Fannar (D:10)
  10 naga warriors
  4 vault guards (D:13)
  A spriggan air mage (Depths:2)
  5 merfolk avatars
  5 centaur warriors
  Harold (D:10)
  A catoblepas (Lair:5)
  An alligator (Lair:6)
  4 satyrs
  16 two-headed ogres
  4 merfolk aquamancers
  10 anacondas
  A queen ant (Lair:3)
  A death yak (IceCv)
  A dancing weapon (Shoals:1)
  2 deep troll earth magi (Depths:1)
  The ghost of RosmoRope the Bludgeoner, a novice MiBe of Trog (D:11)
  A tengu warrior (D:13)
  Urug (D:13)
  4 ogre magi
  13 naga sharpshooters
  6 shock serpents
  A soul eater (Depths:1)
  A sun demon (Depths:1)
  3 salamander mystics
  12 sea snakes
  5 deep trolls
  5 hell knights (Depths:3)
  An unseen horror (D:15)
  A wizard (Depths:3)
  13 naga ritualists
  A lindwurm (Lair:6)
  2 orc knights
  A necromancer (Depths:3)
  The ghost of Somiz the Skirmisher, a novice FoFi (D:5)
  4 harpies (Shoals:4)
  An orc sorcerer (Orc:1)
  10 ugly things
  A deep elf mage (D:13)
  2 fauns (Shoals:2)
  12 cyclopes
  15 mana vipers
  9 manticores
  6 merfolk sirens
  7 guardian serpents
  43 black mambas
  6 salamanders
  8 naga magi
  3 centaur zombies
  3 water nymphs
  2 gargoyles
  3 molten gargoyles (Lair:6)
  2 yaktaurs (Depths:1)
  13 spiny frogs
  An efreet (D:14)
  A freezing wraith (D:15)
  14 komodo dragons
  5 rime drakes
  4 wind drakes
  33 merfolk
  16 trolls
  18 polar bears
  13 blink frogs
  10 hippogriffs
  A raiju (shapeshifter) (Depths:2)
  7 slime creatures
  11 dream sheep
  A meliai zombie (D:14)
  4 snapping turtles
  A spriggan (D:14)
  3 wyverns
  A vampire (D:15)
  42 yaks
  11 water elementals
  8 wraiths
  A shadow (D:13)
  A neqoxec (Depths:1)
  9 basilisks
  2 steam dragons (Lair:6)
  A chaos spawn (Depths:1)
  2 vampire mosquitoes (D:14)
  4 wargs
  2 hungry ghosts
  3 acid dragons
  27 soldier ants
  4 hell hounds (Lair:6)
  24 water moccasins
  54 nagas
  8 porcupines
  A floating eye (Depths:2)
  9 ice beasts
  A sky beast (D:7)
  4 phantoms
  4 black bears
  12 orc warriors
  29 ogres
  2 necrophages
  A hornet zombie (D:14)
  29 wolves
  5 boggarts
  12 crocodiles
  9 centaurs
  6 big kobolds
  15 bullfrogs
  3 scorpions
  10 killer bees
  13 wights
  6 howler monkeys
  3 electric eels
  5 bullfrog zombies
  5 lava snakes (Lair:6)
  15 crimson imps
  8 orc priests
  7 hounds
  4 jellies
  3 bullfrog skeletons
  3 centaur skeletons
  4 iguanas
  17 orc wizards
  23 worker ants
  2 hound skeletons
  A howler monkey zombie (D:7)
  A worker ant zombie (D:6)
  A gnoll (D:1)
  9 adders
  2 river rats
  8 oozes
  2 adder zombies
  4 worms
  5 dart slugs
  6 leopard geckos
  97 orcs
  5 giant cockroaches
  6 goblins
  5 hobgoblins
  10 jackals
  22 kobolds
  6 quokkas
  2 ball pythons
  6 bats
  2 frilled lizards
  A giant cockroach zombie (D:4)
  3 leopard gecko skeletons (D:4)
  13 rats
  2 fungi
  4 plants
1195 creatures vanquished.

Vanquished Creatures (collateral kills)
  A naga warrior (Snake:4)
  2 merfolk aquamancers (Shoals:4)
  A guardian serpent (Snake:4)
4 creatures vanquished.

Vanquished Creatures (others)
  A kraken (Shoals:4)
  A hydra (Lair:6)
  A merfolk (Shoals:4)
  3 blink frogs (Lair:6)
  2 nagas (Snake:4)
  An ogre (Orc:2)
  6 fungi
  11 plants
  4 tentacles (Shoals:4)
  6 toadstools (Lair:5)
36 creatures vanquished.

Grand Total: 1235 creatures vanquished

Notes
Turn   | Place    | Note
-------+----------+-------------------------------------------
     0 | D:1      | Ijustatesigmund the Octopode Fighter began the quest for
                  | the Orb.
     0 | D:1      | Reached XP level 1. HP: 16/16 MP: 1/1
   128 | D:1      | Reached XP level 2. HP: 21/21 MP: 2/2
   399 | D:1      | Reached XP level 3. HP: 26/26 MP: 3/3
   898 | D:2      | Reached XP level 4. HP: 32/32 MP: 4/4
  1077 | D:2      | Found a shimmering blue altar of Sif Muna.
  1430 | D:3      | Found a glowing drain.
  1434 | Sewer    | Entered a sewer
  1533 | Sewer    | Reached XP level 5. HP: 37/37 MP: 5/5
  1606 | Sewer    | Noticed a big kobold
  1611 | Sewer    | Killed a big kobold
  1650 | Sewer    | Found a white marble altar of Elyvilon.
  1793 | D:3      | Reached skill level 5 in Axes
  2261 | D:3      | Reached XP level 6. HP: 44/44 MP: 6/6
  2751 | D:4      | Found a sacrificial altar of Ru.
  2837 | D:4      | Noticed a phantom
  2850 | D:4      | Killed a phantom
  2863 | D:4      | Reached XP level 7. HP: 44/49 MP: 7/7
  3130 | D:4      | Found a staircase to the Ecumenical Temple.
  3139 | Temple   | Entered the Ecumenical Temple
  3410 | D:4      | Reached skill level 5 in Fighting
  3554 | D:5      | Entered Level 5 of the Dungeon
  3777 | D:5      | Found Carr's Armour Shoppe.
  3804 | D:5      | Found a runed translucent gate.
  3809 | D:5      | Found a runed translucent gate.
  3810 | D:5      | Found a runed translucent gate.
  3811 | D:5      | Identified the +3 whip of Untruth {drain, Int+7}
  3814 | D:5      | Noticed Somiz's ghost (novice FoFi)
  4252 | D:5      | Reached XP level 8. HP: 56/56 MP: 8/8
  4321 | D:5      | Found a shattered altar of Ashenzari.
  4611 | D:5      | Reached skill level 5 in Shields
  4615 | D:5      | Found an ornate altar of the Wu Jian Council.
  4676 | D:6      | Reached skill level 1 in Stealth
  4758 | D:6      | Reached skill level 5 in Dodging
  4781 | D:6      | Found a glowing golden altar of the Shining One.
  4826 | D:6      | Reached skill level 2 in Stealth
  4866 | D:6      | Reached skill level 3 in Stealth
  5261 | D:6      | Reached XP level 9. HP: 26/63 MP: 9/9
  5511 | D:6      | You fall into a shaft and drop 1 floor!
  5690 | D:7      | Reached skill level 4 in Stealth
  5814 | D:7      | Found a runed translucent door.
  5820 | D:7      | Found the +10 tower shield of Ignorance {rN+ Int-4}
  5877 | D:5      | Killed Somiz's ghost
  6081 | D:6      | Found Raryguen's Assorted Antiques.
  6087 | D:6      | Bought a translucent pewter ring for 145 gold pieces
  6090 | D:6      | Identified the ring of Autumn {*Tele rPois Str+4 Int-3}
                  | (You bought it in a shop on level 6 of the Dungeon)
  6097 | D:6      | Identified the Almanac of Cloudy Transmigration
  6818 | D:6      | Found a snail-covered altar of Cheibriados.
  6818 | D:6      | Found an iron altar of Okawaru.
  7119 | D:6      | Bought a glowing war axe for 188 gold pieces
  7185 | D:6      | Became a worshipper of Cheibriados the Contemplative
  7411 | D:7      | Found a runed translucent door.
  7412 | D:7      | Noticed an orange crystal statue
  7803 | D:7      | Reached skill level 1 in Invocations
  7805 | D:7      | Reached XP level 10. HP: 35/71 MP: 9/11
  8078 | D:8      | Found a radiant altar of Vehumet.
  8527 | D:8      | Reached * piety under Cheibriados
  8829 | D:9      | Found a staircase to the Orcish Mines.
  8839 | D:9      | Reached ** piety under Cheibriados
  8956 | D:9      | Found a sparkling altar of Nemelex Xobeh.
  9134 | D:9      | Found a basalt altar of Yredelemnul.
  9147 | D:9      | Noticed a two-headed ogre
  9152 | D:9      | Killed a two-headed ogre
  9464 | D:10     | Entered Level 10 of the Dungeon
  9464 | D:10     | Found Meh Reup's Food Boutique.
  9464 | D:10     | Noticed Harold
  9473 | D:10     | Killed Harold
  9543 | D:10     | Noticed a gargoyle
  9548 | D:10     | Killed a gargoyle
  9548 | D:10     | Reached skill level 5 in Invocations
  9565 | D:10     | Found a hazy altar of Hepliaklqana.
  9582 | D:10     | Noticed Josephine
  9753 | D:10     | Reached XP level 11. HP: 78/78 MP: 15/15
  9784 | D:10     | Reached skill level 1 in Throwing
  9891 | D:10     | Found Saqa's Antique Armour Shop.
  9919 | D:10     | Found Gozyeme's Armour Shoppe.
  9989 | D:10     | Reached *** piety under Cheibriados
 10676 | D:9      | Killed Josephine
 10904 | D:10     | Found Nemog's Armour Emporium.
 11006 | D:10     | Found Lygivigi's Gadget Shoppe.
 11007 | D:10     | Noticed Fannar
 11130 | D:10     | Killed Fannar
 11587 | D:11     | Noticed Gastronok
 11604 | D:11     | Killed Gastronok
 11604 | D:11     | Reached skill level 10 in Axes
 11855 | D:11     | Noticed a two-headed ogre
 11859 | D:11     | Killed a two-headed ogre
 11859 | D:11     | Reached skill level 10 in Fighting
 11928 | D:11     | Reached **** piety under Cheibriados
 11996 | D:11     | Found a portal to a secret trove of treasure.
 12014 | D:11     | Reached XP level 12. HP: 82/87 MP: 17/17
 12158 | D:11     | Found a staircase to the Lair.
 12159 | D:11     | Found a runed translucent gate.
 12168 | D:11     | Learned a level 1 spell: Magic Dart
 12171 | D:11     | Learned a level 2 spell: Blink
 12177 | D:11     | Found a runed translucent gate.
 12179 | D:11     | Found a runed translucent gate.
 12197 | D:11     | Noticed RosmoRope's ghost (novice MiBe)
 12246 | D:11     | Reached skill level 1 in Translocations
 12314 | D:12     | Gained mutation: You are somewhat resistant to further
                  | mutation. [potion of mutation]
 12314 | D:12     | Gained mutation: You are robust. (+10% HP) [potion of
                  | mutation]
 12621 | D:12     | Reached ***** piety under Cheibriados
 12698 | D:12     | Found a frozen archway.
 12730 | IceCv    | Entered an ice cave
 13712 | IceCv    | Noticed a death yak
 13723 | IceCv    | Killed a death yak
 14072 | IceCv    | Noticed a frost giant
 14092 | IceCv    | Reached ****** piety under Cheibriados
 14095 | IceCv    | Reached XP level 13. HP: 86/104 MP: 20/20
 14100 | IceCv    | Killed a frost giant
 14100 | IceCv    | Reached skill level 5 in Translocations
 14777 | D:13     | Noticed Urug
 14788 | D:13     | Killed Urug
 14845 | D:13     | Reached skill level 10 in Invocations
 15001 | D:13     | Noticed Frances
 15010 | D:13     | Killed Frances
 15422 | D:13     | Noticed a vault guard
 15423 | D:13     | Noticed a vault guard
 15423 | D:13     | Noticed a vault guard
 15424 | D:13     | Noticed a vault guard
 15431 | D:13     | Killed a vault guard
 15432 | D:13     | Found a gate to the Vaults.
 15436 | D:13     | Killed a vault guard
 15439 | D:13     | Killed a vault guard
 15441 | D:13     | Killed a vault guard
 16414 | D:14     | Reached XP level 14. HP: 113/113 MP: 22/22
 16958 | Lair:1   | Entered Level 1 of the Lair of Beasts
 18232 | Lair:2   | Reached skill level 1 in Evocations
 19082 | Lair:3   | Reached skill level 5 in Stealth
 19267 | Lair:3   | Learned a level 2 spell: Song of Slaying
 19521 | Lair:4   | Noticed an entropy weaver
 19561 | Lair:4   | Reached skill level 1 in Charms
 19565 | Lair:3   | Reached skill level 6 in Stealth
 19569 | Lair:4   | Noticed an entropy weaver
 19591 | Lair:3   | Killed an entropy weaver
 19999 | Lair:4   | Found a staircase to the Snake Pit.
 20032 | Lair:4   | Reached skill level 7 in Stealth
 20348 | Lair:4   | Killed an entropy weaver
 20686 | Lair:4   | Reached skill level 5 in Charms
 20721 | Lair:4   | Found a staircase to the Shoals.
 21110 | Lair:6   | Entered Level 6 of the Lair of Beasts
 21690 | Lair:5   | Reached XP level 15. HP: 116/119 MP: 23/23
 22075 | Lair:5   | Found a runed translucent door.
 23229 | Lair:6   | Found a staircase to the Slime Pits.
 23329 | Lair:6   | Reached skill level 8 in Stealth
 23652 | Lair:6   | Found a large runed translucent door.
 23765 | Lair:6   | Found a large runed translucent door.
 23854 | Lair:6   | Reached skill level 9 in Stealth
 25201 | Orc:1    | Entered Level 1 of the Orcish Mines
 25290 | Orc:1    | Found a burning altar of Makhleb.
 25578 | Orc:2    | Entered Level 2 of the Orcish Mines
 25779 | Orc:2    | Reached skill level 10 in Stealth
 25779 | Orc:2    | Reached skill level 10 in Shields
 25779 | Orc:2    | Reached skill level 10 in Dodging
 26049 | Orc:2    | Found Niseadaamut's Food Shop.
 26076 | Orc:2    | Found Taenk's Jewellery Emporium.
 26084 | Orc:2    | Found Ochuj's General Store.
 26085 | Orc:2    | Found Lukaob's Gadget Shop.
 26140 | Orc:2    | Found a transporter.
 26221 | Orc:2    | Noticed lasso's ghost (journeyman FoFi)
 26269 | Orc:2    | Found a transporter.
 26381 | Orc:2    | Found a staircase to the Elven Halls.
 26405 | Orc:2    | Found Notid's Armour Shop.
 26595 | Orc:2    | Bought an uncursed ring of see invisible for 225 gold
                  | pieces
 26621 | Orc:2    | Reached XP level 16. HP: 128/128 MP: 20/25
 26622 | Orc:2    | Killed lasso's ghost
 26845 | Snake:1  | Entered Level 1 of the Snake Pit
 26849 | Snake:1  | Reached skill level 11 in Stealth
 26865 | Snake:1  | Found Voniriat's Distillery.
 26876 | Snake:1  | Bought a potion of might for 68 gold pieces
 26876 | Snake:1  | Bought a potion of curing for 51 gold pieces
 26876 | Snake:1  | Bought a potion of curing for 51 gold pieces
 26876 | Snake:1  | Bought a potion of curing for 51 gold pieces
 26876 | Snake:1  | Bought a potion of heal wounds for 85 gold pieces
 26876 | Snake:1  | Bought a potion of curing for 51 gold pieces
 27094 | Snake:1  | Found the +3 salamander hide armour {+Rage rF++}
 27134 | Snake:1  | Found Gurypha's Jewellery Shop.
 27141 | Snake:1  | Bought an uncursed ring of protection from fire for 350
                  | gold pieces
 27143 | Snake:1  | Found Gashre's Magic Scroll Boutique.
 27149 | Snake:1  | Bought a scroll of magic mapping for 52 gold pieces
 27470 | Snake:1  | Reached skill level 12 in Stealth
 28021 | Snake:1  | Noticed Nikola
 28119 | Snake:1  | Killed Nikola
 28571 | Snake:2  | Reached skill level 13 in Stealth
 28580 | Snake:2  | Reached skill level 5 in Evocations
 28841 | Snake:2  | Identified the cursed +0 mace of Geohevic {vorpal, rF+}
                  | (You found it on level 2 of the Snake Pit)
 28845 | Snake:2  | Noticed a nagaraja
 28856 | Snake:2  | Killed a nagaraja
 28913 | Snake:2  | Noticed a nagaraja
 28920 | Snake:2  | Killed a nagaraja
 29085 | Snake:2  | Noticed a nagaraja
 29166 | Snake:2  | Killed a nagaraja
 29166 | Snake:2  | Reached skill level 14 in Stealth
 29479 | Snake:2  | Noticed Vashnia
 29932 | Snake:2  | Reached XP level 17. HP: 55/135 MP: 27/27
 30369 | Snake:2  | Killed Vashnia
 30369 | Snake:2  | Reached skill level 15 in Stealth
 30973 | Snake:3  | Reached skill level 16 in Stealth
 31083 | Snake:3  | Identified the ring of Etat {*Contam rElec rPois Int+10
                  | Dex+3} (You found it on level 3 of the Snake Pit)
 31292 | Snake:3  | Noticed Aizul
 31304 | Snake:3  | Killed Aizul
 32171 | Snake:4  | Entered Level 4 of the Snake Pit
 32572 | Snake:4  | Found a runed translucent gate.
 32576 | Snake:4  | Found a runed translucent gate.
 32577 | Snake:4  | Found a runed translucent gate.
 32577 | Snake:4  | Noticed tensugalgo's ghost (adept KoBe)
 32587 | Snake:4  | Killed tensugalgo's ghost
 32587 | Snake:4  | Reached skill level 17 in Stealth
 32590 | Snake:4  | Identified Den Losm's Almanac of Harmful Enchantment
 33894 | Snake:4  | Reached XP level 18. HP: 54/143 MP: 29/29
 34715 | Snake:4  | Got a serpentine rune of Zot
 34923 | Snake:4  | Learned a level 3 spell: Ozocubu's Armour
 35093 | D:11     | Killed RosmoRope's ghost
 35093 | D:11     | Reached skill level 15 in Invocations
 35355 | D:15     | Entered Level 15 of the Dungeon
 35396 | D:15     | Reached skill level 1 in Ice Magic
 35514 | D:15     | Found Bamneriu's Book Shoppe.
 36549 | D:15     | Found a staircase to the Depths.
 36901 | Shoals:1 | Entered Level 1 of the Shoals
 37495 | Shoals:1 | Found a runed translucent door.
 37495 | Shoals:1 | Found a shimmering altar of Xom.
 37495 | Shoals:1 | Noticed xzight's ghost (adept MiBe)
 37523 | Shoals:1 | Killed xzight's ghost
 38513 | Shoals:2 | Found Pesegukh's Antique Armour Emporium.
 38837 | Shoals:2 | Identified the +5 hand axe "Behuar" {flame, Dex+2 Stlth+}
                  | (You found it on level 2 of the Shoals)
 40302 | Shoals:4 | Entered Level 4 of the Shoals
 40732 | Shoals:4 | Reached XP level 19. HP: 125/150 MP: 30/30
 41695 | Shoals:4 | Got a barnacled rune of Zot
 41778 | Shoals:4 | Reached skill level 5 in Ice Magic
 42271 | Depths:1 | Entered Level 1 of the Depths
 42500 | Depths:1 | Found a one-way gate leading to the halls of Pandemonium.
 43054 | Depths:1 | Paralysed by a great orb of eyes for 3 turns
 43064 | Depths:1 | Reached skill level 18 in Stealth
 43202 | Depths:1 | Found a gateway to Hell.
 43622 | Depths:3 | Reached skill level 19 in Stealth
 43754 | Depths:3 | Found a corrupted altar of Lugonu.
 43754 | Depths:3 | Found a one-way gate to the infinite horrors of the Abyss.
 43766 | Depths:3 | Noticed Margery
 43777 | Depths:3 | Killed Margery
 44161 | Depths:2 | Reached skill level 20 in Stealth
 44257 | Depths:2 | Reached XP level 20. HP: 151/158 MP: 23/31
 44258 | Depths:2 | Paralysed by an ogre mage for 3 turns
 44261 | Depths:2 | HP: 7/158 [ogre mage (3)]
 44261 | Depths:2 | Slain by a two-headed ogre

Illustrated notes

Levels and vault maps discovered:
D:1:      dpeg_arrival_chambers_temple_mockup, layout_basic
D:2:      layout_loops_ring, lemuel_blue_sif_altar
D:3:      layout_basic, gup_sewer_entry_spiral
D:4:      layout_rooms, nicolae_overflow_crystal_walls, temple_hall,
          first_ration, hangedman_feature_mirror
D:5:      layout_gridville, lemuel_round_altar, gammafunk_ghost_nasty_kobolds,
          serial_shops, shop, nicolae_ashenzari_panopticon
D:6:      cheibrodos_fzero, layout_layer_cave, tso_metal_star,
          gammafunk_temple_overflow_elements, serial_shops, shop_statue,
          nrook_pool_corridor
D:7:      layout_cave_pods, minivault_27, chequers_guarded_unrand_ignorance
D:8:      layout_cave_pools, basic_altar
D:9:      layout_loops_ring, lemuel_crystal_altar, hiddenorc2_lemuel,
          basic_altar
D:10:     layout_gridville, basic_altar, serial_shops,
          nicolae_shop_overgrown_old_shop,
          nicolae_shop_competitors_out_of_business, shop,
          nicolae_shop_statue_plus, shop, uniq_harold, uniq_fannar,
          uniq_josephine
D:11:     layout_basic, david_lair_shrubbed, enter_trove_3,
          gammafunk_ghost_spectres, uniq_gastronok
D:12:     layout_basic, portal_ice_cave_entry_animals_and_master
D:13:     layout_long_grid, lightli_vaults_fourway_checkpoint,
          gauntlet_entry_generic, uniq_urug, uniq_frances
D:14:     layout_gridville, infiniplex_staircase_door_maze, the_bakery
D:15:     hangedman_depths_entry_try_elsewhere_first, layout_basic,
          serial_shops, shop, nicolae_two_hexagons
Temple:   regret_index_temple_generic_petals
Lair:1:   layout_layer_cave, grunt_megastairs_3
Lair:2:   layout_long_grid, small_statue_intersection, fungi_pond_lemuel,
          grunt_forest_small_clearings
Lair:3:   layout_chaotic_city, serial_bayou_shore_a
Lair:4:   layout_roguey, elwin_shoals_entry_rooms,
          minmay_snake_entry_guardpost_small, minivault_29, lemuel_fruit_tree,
          grunt_megastairs_5, infiniplex_staircase_pool
Lair:5:   gammafunk_lair_enchanted_lake, layout_small_grid, grunt_megastairs_2
Lair:6:   cheibrodos_lair_end_hotspot, layout_regular_city,
          nicolae_slime_entry_slimehenge, gammafunk_lair_bear_cave
Shoals:1: layout_shoals, ebering_ghost_xom
Shoals:2: layout_shoals, serial_shops, shop_coins
Shoals:3: layout_shoals
Shoals:4: shoals_end_hangedman, layout_shoals
Snake:1:  layout_onion, serial_shops, nicolae_shop_crystal, grunt_megastairs_1,
          minmay_shoptagon, uniq_nikola
Snake:2:  layout_basic, hangedman_venom_bottle, uniq_vashnia
Snake:3:  layout_chambers, uniq_aizul
Snake:4:  johnstein_snake_rune_scales, layout_misc_corridors,
          ebering_ghost_rock_garden, st_stairs_4
Orc:1:    layout_diamond_mine, bloody_makhleb
Orc:2:    st_orc_open, layout_caves, gammafunk_ghost_arena, serial_shops,
          nicolae_shop_window_shopping
Depths:1: layout_long_grid, hell_entry, rand_demon_pan_entry_7,
          kennysheep_nondescript, minmay_misc_feat_square, serial_bayou_pond_e,
          eino_tiny_chamber, minmay_starry_boxes
Depths:2: kennysheep_funnel, layout_cross, hangedman_coc_ice_floe,
          serial_column_ruins, column_ruins_hut, column_ruins_circle_small,
          column_ruins_open_large, column_ruins_open_small,
          column_ruins_corridor_corner, column_ruins_corridor_dead_end,
          column_ruins_columns_dead_end, column_ruins_open_small,
          serial_bayou_lake_a, infiniplex_staircase_zigzag_1
Depths:3: minmay_nested_s, layout_basic, abyss_entry_flame_altar, hell_entry,
          chequers_serial_rivers_micro_c, pan_entry,
          chequers_serial_rivers_micro_a, infiniplex_staircase_pool_2,
          uniq_mennas, uniq_margery

Skill      XL: |  1  2  3  4  5  6  7  8  9 10 11 12 13 14 15 16 17 18 19 |
---------------+----------------------------------------------------------+-----
Axes           | 3 4 5 6 7 9 10 11 12 13 14 | 14.9
Fighting       | 4 5 6 7 8 10 11 12 13 14 | 14.8
Shields        | 4 5 6 7 8 9 10 11 12 | 12.4
Dodging        | 4 5 6 7 8 9 10 11 12 | 12.4
Stealth        | 3 4 7 10 14 17 20 | 20.2
Invocations    | 1 5 7 9 10 11 12 13 14 15 | 15.8
Throwing       | 4 |  4.8
Translocations | 4 5 |  5.3
Evocations     | 4 6 9 |  9.1
Charms         | 5 |  5.2
Ice Magic      | 4 5 |  5.1

Action                   |  1- 3 |  4- 6 |  7- 9 | 10-12 | 13-15 | 16-18 | 19-21 || total
-------------------------+-------+-------+-------+-------+-------+-------+-------++-------
Melee: War axe           |    48 |    96 |   180 |   301 |   521 |   673 |   236 ||  2055
       Constrict         |    14 |    24 |    38 |    67 |    87 |    92 |    38 ||   360
       Tentacles         |     4 |    22 |    35 |   162 |   217 |   267 |   114 ||   821
       Hand axe          |       |       |       |   136 |    93 |     5 |       ||   234
Throw: Dart              |     1 |       |    23 |    15 |    37 |    43 |       ||   119
 Cast: Song of Slaying   |       |       |       |       |     4 |     8 |     3 ||    15
       Blink             |       |       |       |       |       |     1 |       ||     1
       Ozocubu's Armour  |       |       |       |       |       |     1 |     1 ||     2
Invok: Slouch            |       |       |       |       |     4 |     4 |     5 ||    13
       Step From Time    |       |       |       |       |       |       |     1 ||     1
Evoke: Wand              |       |       |       |    10 |    23 |    37 |     5 ||    75
  Use: Scroll            |     7 |     5 |     5 |    13 |     8 |    19 |     3 ||    60
       Potion            |       |     1 |     6 |     4 |     1 |     9 |     2 ||    23
 Stab: Sleeping          |    11 |    13 |    15 |    25 |    56 |    55 |    14 ||   189
       Invisible         |       |       |     1 |       |       |       |       ||     1
       Held in net/web   |       |       |       |     1 |       |       |       ||     1
       Distracted        |       |       |       |     1 |     3 |     3 |     1 ||     8
       Paralysed         |       |       |       |       |       |     1 |       ||     1
  Eat: Chunk             |       |     6 |    10 |    10 |    20 |     7 |     7 ||    60
       Ration            |       |       |     2 |       |     1 |     5 |       ||     8
Armor: Skin              |     5 |     2 |     5 |    11 |    44 |    17 |    14 ||    98
Dodge: Dodged            |    14 |    20 |    75 |   129 |   237 |   282 |   118 ||   875
Block: Kite shield       |    22 |    54 |   158 |   386 |   595 |   797 |   279 ||  2291
       Reflection        |       |       |     2 |     8 |    25 |   133 |    23 ||   191
